 Dungeon Crawl Stone Soup version 0.29-a0-315-gaf6dd05e2f (webtiles) character file.

Game seed: 9954820252094417844

39 hypnoticadvantage the Cudgeller (level 3, -7/33 HPs)
             Began as a Minotaur Berserker on Mar 29, 2022.
             Was a Believer of Trog.
             Mangled by Sigmund
             ... wielding a +6 scythe of flaming
              (15 damage)
             ... on level 3 of the Dungeon.
             The game lasted 00:06:28 (2044 turns).

hypnoticadvantage the Cudgeller (MiBe)              Turns: 2044, Time: 00:06:29

Health: -7/33      AC:  2    Str: 23    XL:     3   Next: 28%
Magic:  2/2        EV: 11    Int:  4    God:    Trog [**....]
Gold:   93         SH:  2    Dex:  9    Spells: 2/2 levels left

rFire   + . .      SeeInvis .   a - +0 mace
rCold   . . .      Faith    +   i - +0 buckler
rNeg    . . .      Spirit   .   b - +0 animal skin
rPois   +          Reflect  .   (helmet restricted)
rElec   .          Harm     .   (no cloak)
rCorr   .          Rampage  .   (no gloves)
Will    ++...                   (no boots)
Stlth   +.........              d - amulet of faith
HPRegen 1.11/turn               h - ring of poison resistance
MPRegen 0.08/turn               k - ring of protection from fire

@: strong-willed, regenerating
A: horns 2, retaliatory headbutt
a: Renounce Religion, Berserk, Trog's Hand


You were on level 3 of the Dungeon.
You worshipped Trog.
Trog was pleased with you.
You visited 1 branch of the dungeon, and saw 3 of its levels.

You collected 93 gold pieces.

Inventory:

Hand Weapons
 a - a +0 mace (weapon)
Armour
 b - a +0 animal skin (worn)
 i - a +0 buckler (worn)
Jewellery
 d - an amulet of faith (around neck)
 h - a ring of poison resistance (left hand)
 k - a ring of protection from fire (right hand)
Scrolls
 f - a scroll of fog
 j - a scroll of amnesia {unknown}
Potions
 c - a potion of curing {unknown}
 e - 2 potions of brilliance {unknown}
 g - a potion of haste {unknown}
 l - a potion of berserk rage {unknown}
 m - a potion of ambrosia {unknown}


   Skills:
 + Level 4.1 Fighting
 + Level 4.1 Maces & Flails
 + Level 3.1 Armour
 + Level 2.7 Dodging


You had 2 spell levels left.
You didn't know any spells.
Your spell library was empty.

Dungeon Overview and Level Annotations

Branches:
Dungeon (3/15)

Altars:

Annotations:
D:3 Sigmund


Innate Abilities, Weirdness & Mutations

You have a pair of horns on your head.
You reflexively headbutt those who attack you in melee.


Message History

You hit the hobgoblin.
The hobgoblin is almost dead.
The hobgoblin barely misses you. You furiously retaliate!
You headbutt the hobgoblin!
You kill the hobgoblin!
Trog accepts your kill.
You see here a hobgoblin corpse.
Found a stone staircase leading up.
There is an open door here.
There is an open door here.
You open the door.
There is an open door here.
There is an open door here.
Done exploring.
Done exploring.
(D) Dungeon
Where to? (Enter - D:2, ? - help)
What level of the Dungeon? (default 1, ? - help)
There is a stone staircase leading down here.
You climb downwards.
There is a stone staircase leading up here.
Sigmund the Dreaded comes into view.
He is wielding a +6 scythe of flaming and carrying a wand of polymorph (5).
Sigmund shouts!
You hear a shout!
Sigmund misses you.
Your skin crawls.
You feel strong-willed.
A goblin comes into view. It is wielding a +0 dagger.
Sigmund hits you with a +6 scythe of flaming!
You barely miss Sigmund. Your headbutt misses Sigmund.
Sigmund says, "Don't worry, I'll kill you fast."
Sigmund casts a spell at you. The magic dart hits you.
You closely miss Sigmund. You headbutt Sigmund.
Sigmund is lightly wounded.
Sigmund hits you with a +6 scythe of flaming!
* * * LOW HITPOINT WARNING * * *
You hit Sigmund.
Sigmund is moderately wounded.
Sigmund hits you with a +6 scythe of flaming!
You die...

.## .. #########
#.## #.......# ...#
#.......# ###...###
#.......###.......#
#............g.....
#.......###@##.##.
#..<....# #@#
#.......# #.#
######### #.. ###


You could see Sigmund and a goblin.

Vanquished Creatures
  A worm (D:2)
  2 dart slugs (D:1)
  3 bats (D:1)
  3 endoplasms
  2 giant cockroaches (D:1)
  4 goblins
  6 hobgoblins
  3 ball pythons
  3 kobolds (D:1)
  A rat (D:2)
28 creatures vanquished.

Notes
Turn   | Place    | Note
-------+----------+-------------------------------------------
     0 | D:1      | hypnoticadvantage the Minotaur Berserker began the quest
                  | for the Orb.
     0 | D:1      | Reached XP level 1. HP: 19/19 MP: 0/0
   310 | D:1      | Reached XP level 2. HP: 26/27 MP: 1/1
  1145 | D:2      | Reached XP level 3. HP: 33/33 MP: 2/2
  1206 | D:2      | Found a faded altar of an unknown god.
  1480 | D:2      | Reached ** piety under Trog
  2039 | D:3      | Noticed Sigmund
  2044 | D:3      | Mangled by Sigmund

Illustrated notes

Levels and vault maps discovered:
D:1:      mrwooster_arrival_statue_3, layout_basic,
          chequers_hall_statues_corner_a
D:2:      layout_basic, hellmonk_ecumenical_altar_pennies_from_heaven
D:3:      layout_loops_cross, marbit_many_paths, guppyfry_early_orc_mine,
          uniq_sigmund, uniq_pargi, uniq_robin

Skill      XL: |  1  2 |
---------------+-------+-----
Maces & Flails | 4 |  4.1
Fighting       | 4 |  4.1
Armour         | 3 |  3.1
Dodging        | |  2.7

Action                   || total
-------------------------++-------
Melee: Mace              ||    59
       Headbutt          ||    12
Invok: Trog's Hand       ||     1
  Use: Scroll            ||     2
Armor: Animal skin       ||    12
Dodge: Dodged            ||    36
Block: Buckler           ||     1

Table legend: (Time is in decaauts)
 A = Elapsed time spent in this place.
 B = Non-inter-level travel time spent in this place.
 C = Inter-level travel time spent in this place.
 D = Time resting spent in this place.
 E = Time spent auto-exploring this place.
 F = Levels seen in this place.
 G = Mean time per level.
                   A        B        C        D        E       F      G
               +--------+--------+--------+--------+--------+-----+--------+
         Total |   2057 |   2034 |     23 |    117 |   1062 |   3 |  685.7 |
       Dungeon |   2057 |   2034 |     23 |    117 |   1062 |   3 |  685.7 |
               +--------+--------+--------+--------+--------+-----+--------+

Top non-repeatable levels by time:
     D:1: 1068 daAuts
     D:2: 976 daAuts
     D:3: 12 daAuts
